 Dungeon Crawl Stone Soup version 0.16-a0-787-g31dbbe7 (webtiles) character file.

7627 JacquesDerrida the Martial Artist (level 10, -4/71 HPs)
             Began as a Demonspawn Transmuter on Sept 27, 2014.
             Was a Priest of Ru.
             Slain by a minotaur (21 damage)
             ... in a labyrinth.
             The game lasted 00:47:04 (8591 turns).

JacquesDerrida the Martial Artist (DsTm)            Turns: 8591, Time: 00:47:04

HP  -4/71        AC 13     Str 11      XL: 10   Next: 98%
MP   0/16        EV 18     Int 17      God: Ru [***...]
Gold 372         SH  5     Dex 17      Spells:  2 memorised, 10 levels left

rFire  + . .     SeeInvis .       - Unarmed
rCold  . . .     Clarity  .     p - +2 robe {rF+}
rNeg   + . .     rCorr    .     C - +0 buckler
rPois  .         rRot     .     f - +2 helmet {Int+3}
rElec  .         Spirit   +     (no cloak)
SustAb .         Warding  .     (no gloves)
rMut   +         Stasis   .     v - +2 pair of boots
Gourm  .                        J - amulet of resist mutation
MR     .....                    (no ring)
                                r - ring of positive energy

@: drained, not resistant to hostile enchantments, unstealthy
A: claws 1, yellow scales 2, frail 1, magic shield, inability to use devices
a: Draw Out Power, Renounce Religion


You were in a labyrinth.
You worshipped Ru.
Ru was most pleased with you.
You were not hungry.

You visited 3 branches of the dungeon, and saw 14 of its levels.
You also visited: Labyrinth.

You collected 422 gold pieces.
You spent 50 gold pieces at shops.

Inventory:

Hand weapons
 n - a +0 blowgun
Missiles
 b - 96 arrows
 h - 2 javelins (quivered)
 i - 31 poisoned needles
 M - a curare-tipped needle
Armour
 f - a +2 helmet of intelligence (worn)
 l - a +2 hat
 p - a +2 robe of fire resistance (worn)
 v - a +2 pair of boots (worn)
 C - a +0 buckler (worn)
Magical devices
 c - a wand of disintegration (12)
 D - a wand of random effects (5)
Comestibles
 a - 13 bread rations
 j - 11 fruits
 B - 3 meat rations
Scrolls
 e - 3 scrolls of fear {unknown}
 g - 3 scrolls of teleportation {unknown}
 o - a scroll of fog {unknown}
 s - 3 scrolls of blinking {unknown}
 u - a scroll of enchant weapon {unknown}
 x - 2 scrolls of recharging {unknown}
 y - 2 scrolls of enchant armour {unknown}
 z - 5 scrolls of remove curse
 F - a scroll of vulnerability {unknown}
 I - a scroll of random uselessness {unknown}
Jewellery
 r - a ring of positive energy (left claw)
 J - an amulet of resist mutation (around neck)
Potions
 k - 2 potions of magic
 t - a potion of cancellation
 w - a potion of flight
 E - a potion of lignification
 G - a potion of curing
 L - 2 potions of berserk rage
Books
 d - a book of Changes

   Spells                             Type                      Level
   *Beastly Appendage                 Transmutation                1
   *Sticks to Snakes                  Transmutation                2
   Spider Form                        Transmutation/Poison         3
   Ice Form                           Ice/Transmutation            4
   Blade Hands                        Transmutation                5


   Skills:
 + Level 7.0(6.8) Fighting
 + Level 8.6(8.3) Dodging
 + Level 3.8(3.6) Shields
 - Level 11.0(10.7) Unarmed Combat
 - Level 2.0(1.8) Spellcasting
 - Level 1.8(1.6) Transmutations


You had 10 spell levels left.
You knew the following spells:

 Your Spells              Type           Power        Failure   Level  Hunger
a - Beastly Appendage     Trmt           #.....       12%         1    #......
b - Sticks to Snakes      Trmt           #.........   17%         2    ###....


Dungeon Overview and Level Annotations

Branches:
Dungeon (10/15)            Temple (1/1) D:4             Orc (0/4) D:9
   Lair (3/8) D:9
  Swamp: Lair:3-6    Shoals: Lair:3-6     Snake: Lair:3-6    Spider: Lair:3-6

Altars:
Ashenzari
Cheibriados
Dithmenos
Elyvilon
Fedhas
Gozag
Kikubaaqudgha
Makhleb
Okawaru
Qazlal
Ru
Sif Muna
Trog
Vehumet
Xom
Yredelemnul
Zin
The Shining One

Shops:
D:4 *

Annotations:
D:4 TZer0's ghost, experienced OgHu
D:8 RobertPalmer's ghost, experienced OgWz


Innate Abilities, Weirdness & Mutations

You have sharp fingernails.
You are mostly covered in yellow scales (AC +3).
You are frail (-10% HP).
When hurt, damage is shared between your health and your magic reserves.
You cannot study or use magical devices.


Message History

The minotaur closely misses you.
The minotaur gores you but does no damage.
You claw the minotaur!
The minotaur is severely wounded.
The minotaur misses you. The minotaur closely misses you.
You scratch the minotaur.
The minotaur is severely wounded.
You scratch the minotaur.
The minotaur is severely wounded.
The minotaur misses you. The minotaur closely misses you.
You claw the minotaur!
The minotaur is almost dead.
The minotaur hits you!!
The minotaur is blinded in retribution by your aura!
The minotaur gores you!
* * * LOW HITPOINT WARNING * * *
You scratch the minotaur.
The minotaur is almost dead.
The minotaur hits you!!
You die...

. .# # #. ..#
#.## .####### #
# #..... ....
.#..
#.......... .#
# #
#..▓▓▓▓'▓▓▓▓▓.#
#..▓ ▓.▓ ▓ #
#..▓ ▓@▓ ▓.#..
. #..▓ ▓.H<.▓ ▓
# # # #..▓
+⌠...▓ .. . ..#
#. ▓ ▓..(⌠+ .##
## # #. ▓
▓.(..▓ ▓ . ..
#. .▓ ▓▓+▓▓▓ .#
# #....▓ ..# #.
# ▓▓▓ ▓▓▓▓. #..
... ...


You could see a minotaur (blind).

Vanquished Creatures
  Pikel (D:4)
  3 spiny frogs
  3 komodo dragons
  A two-headed ogre (D:9)
  2 blink frogs (Lair:3)
  A spriggan (D:8)
  6 yaks (Lair:3)
  A hungry ghost (D:9)
  Eustachio (D:6)
  2 hippogriffs
  A water moccasin (Lair:1)
  A porcupine (Lair:2)
  An orc warrior (D:5)
  2 ice beasts
  A sky beast (D:6)
  2 black bears (D:9)
  5 ogres
  2 phantoms
  4 slaves (D:4)
  3 crocodiles
  A centaur (D:6)
  A big kobold (D:9)
  Blork the orc (D:9)
  6 giant frogs
  A scorpion (D:5)
  4 killer bees (D:8)
  2 goliath beetles
  A crimson imp (D:5)
  4 hounds
  2 jellies
  A giant frog zombie (D:4)
  2 orc priests
  4 orc wizards
  5 iguanas (Lair:2)
  9 worker ants
  A sky beast zombie (D:8)
  9 adders
  4 gnolls (D:4)
  A scorpion zombie (D:6)
  15 green rats
  A giant mite (D:7)
  A worm (D:4)
  A shadow imp (D:7)
  An adder zombie (D:7)
  An orc skeleton (D:5)
  4 giant geckos
  An ooze (D:4)
  13 orcs
  17 bats
  A bat zombie (D:8)
  3 giant cockroaches
  12 hobgoblins
  5 quokkas
  2 ball pythons
  9 giant newts
  6 goblins
  A goblin zombie (D:5)
  A hobgoblin zombie (D:6)
  16 jackals
  15 kobolds
  2 kobold skeletons
  An orc zombie (D:5)
  11 rats
  A fungus (Lair:1)
243 creatures vanquished.

Vanquished Creatures (others)
  A fungus (Lair:1)
  2 plants (D:9)
3 creatures vanquished.

Grand Total: 246 creatures vanquished

Notes
Turn   | Place    | Note
--------------------------------------------------------------
     0 | D:1      | JacquesDerrida, the Demonspawn Transmuter, began the quest for the Orb.
     0 | D:1      | Reached XP level 1. HP: 15/15 MP: 3/3
   206 | D:1      | Reached skill level 3 in Unarmed Combat
   340 | D:1      | Gained mutation: You have sharp fingernails. [demonic ancestry]
   340 | D:1      | Reached XP level 2. HP: 12/21 MP: 2/4
   670 | D:2      | Found a blossoming altar of Fedhas.
   737 | D:2      | Reached XP level 3. HP: 8/26 MP: 4/6
   952 | D:2      | Reached skill level 4 in Unarmed Combat
  1030 | D:2      | Learned a level 2 spell: Sticks to Snakes
  1462 | D:4      | Found a staircase to the Ecumenical Temple.
  1505 | Temple   | Entered the Ecumenical Temple
  1604 | D:4      | HP: 1/26 [orc/flail (8)]
  1609 | D:4      | Reached XP level 4. HP: 1/32 MP: 7/7
  1886 | D:4      | Noticed TZer0's ghost (experienced OgHu)
  1895 | D:4      | Noticed an ogre
  1985 | D:4      | Killed an ogre
  1985 | D:4      | Reached skill level 5 in Unarmed Combat
  1985 | D:4      | Reached XP level 5. HP: 18/37 MP: 9/9
  2226 | D:4      | Noticed an ogre
  2248 | D:4      | Killed an ogre
  2248 | D:4      | Reached skill level 6 in Unarmed Combat
  2248 | D:4      | Reached XP level 6. HP: 27/43 MP: 10/10
  2309 | D:4      | Noticed a slave
  2309 | D:4      | Noticed a slave
  2310 | D:4      | Noticed a slave
  2314 | D:4      | Noticed Pikel
  2336 | D:4      | Killed a slave
  2370 | D:4      | Killed a slave
  2414 | D:4      | Killed a slave
  2497 | D:4      | Found a shadowy altar of Dithmenos.
  2499 | D:4      | Found Yqaep's General Store.
  2500 | D:4      | Noticed a slave
  2528 | D:4      | Killed a slave
  2564 | D:4      | Killed Pikel
  2564 | D:4      | Reached skill level 8 in Unarmed Combat
  2564 | D:4      | Reached XP level 7. HP: 35/48 MP: 12/12
  2709 | D:4      | Bought a scroll of remove curse for 30 gold pieces
  2709 | D:4      | Bought a scroll of identify for 20 gold pieces
  2819 | D:5      | Entered Level 5 of the Dungeon
  2983 | D:5      | Gained mutation: You are partially covered in yellow scales (AC +2). [demonic ancestry]
  2983 | D:5      | Reached XP level 8. HP: 52/54 MP: 13/13
  3013 | D:5      | Found a glowing silver altar of Zin.
  3200 | D:5      | Reached skill level 9 in Unarmed Combat
  3715 | D:5      | Found a snail-covered altar of Cheibriados.
  4046 | D:6      | Reached skill level 10 in Unarmed Combat
  4253 | D:6      | Found a sacrificial altar of Ru.
  4262 | D:6      | Became a worshipper of Ru the Awakened
  4306 | D:6      | Noticed Eustachio
  4346 | D:6      | Killed Eustachio
  4549 | D:6      | Gained mutation: When hurt, damage is shared between your health and your magic reserves. [demonic ancestry]
  4549 | D:6      | Reached XP level 9. HP: 56/59 MP: 14/14
  5255 | D:8      | Gained mutation: You are frail (-10% HP). [Ru sacrifice]
  5255 | D:8      | Acquired Ru's first power
  5421 | D:8      | Reached skill level 5 in Dodging
  5654 | D:8      | Reached skill level 11 in Unarmed Combat
  5677 | D:8      | Noticed RobertPalmer's ghost (experienced OgWz)
  5989 | D:9      | Noticed Blork the orc
  6082 | D:9      | Found a white marble altar of Elyvilon.
  6299 | D:9      | Killed Blork the orc
  6352 | D:9      | Found a staircase to the Orcish Mines.
  6436 | D:9      | Identified a scroll of acquirement
  6552 | D:9      | Noticed a komodo dragon
  6563 | D:9      | Killed a komodo dragon
  6563 | D:9      | Gained mutation: You are mostly covered in yellow scales (AC +3). [demonic ancestry]
  6563 | D:9      | Reached XP level 10. HP: 53/65 MP: 14/16
  6579 | D:9      | Found a staircase to the Lair.
  6594 | D:9      | Found a shimmering altar of Xom.
  6606 | D:9      | Noticed a spiny frog
  6607 | D:9      | Found a shimmering altar of Xom.
  6607 | D:9      | Found a shimmering altar of Xom.
  6624 | D:9      | Noticed a lindwurm
  6624 | D:9      | a tarantella changed into a lindwurm
  6646 | D:9      | Noticed a cyan ugly thing
  6681 | D:9      | Noticed a moth of wrath
  6682 | D:9      | Noticed a shock serpent
  6682 | D:9      | Noticed a satyr
  6682 | D:9      | a moth of wrath changed into a satyr
  6873 | D:9      | Noticed a giant orange brain
  6873 | D:9      | a shock serpent changed into a giant orange brain
  6889 | D:10     | Entered Level 10 of the Dungeon
  6909 | Lair:1   | Entered Level 1 of the Lair of Beasts
  6922 | Lair:1   | Reached skill level 5 in Fighting
  7260 | Lair:1   | Reached skill level 1 in Shields
  7289 | Lair:1   | Gained mutation: You cannot study or use magical devices. [Ru sacrifice]
  7289 | Lair:1   | Acquired Ru's second power
  7289 | Lair:1   | Acquired Ru's third power
  7938 | Lair:3   | Found a labyrinth entrance.
  8048 | Lab      | Entered a labyrinth
  8576 | Lab      | Noticed a minotaur
  8591 | Lab      | Slain by a minotaur

Action                   |  1- 3 |  4- 6 |  7- 9 | 10-12 || total
-------------------------+-------+-------+-------+-------++-------
Melee: Unarmed           |   129 |    19 |   371 |   273 ||   792
 Fire: Blowgun           |     4 |    42 |    53 |     5 ||   104
Throw: Javelin           |       |       |       |     4 ||     4
 Cast: Beastly Appendage |    24 |     1 |    19 |       ||    44
       Sticks to Snakes  |     3 |       |       |       ||     3
Invok: Sacrifice Health  |       |       |     1 |       ||     1
       Draw Out Power    |       |       |       |     4 ||     4
       Sacrifice Artific |       |       |       |     1 ||     1
Evoke: Wand              |       |       |     3 |     3 ||     6
  Use: Potion            |     1 |       |     2 |     6 ||     9
       Scroll            |       |       |    11 |     1 ||    12
 Stab: Sleeping          |       |       |     4 |     2 ||     6
       Distracted        |       |       |       |     2 ||     2
  Eat: Chunk             |     3 |     3 |    12 |     5 ||    23
       Beef jerky        |       |       |     1 |       ||     1
       Pizza             |       |       |       |     2 ||     2
       Royal jelly       |       |       |       |     1 ||     1
